 Dungeon Crawl Stone Soup version 0.21-a0-210-gbfa5647 (webtiles) character file.

86 namelastname112 the Insei (level 4, -3/38 HPs)
             Began as a Gnoll Monk on Aug 22, 2017.
             Slain by a kobold
             ... wielding a +0 falchion
              (7 damage)
             ... on level 2 of the Dungeon.
             The game lasted 00:03:49 (2729 turns).

namelastname112 the Insei (Gnoll Monk)              Turns: 2729, Time: 00:03:50

Health: -3/38      AC:  2    Str:  7    XL:     4   Next: 50%
Magic:  4/4        EV: 12    Int:  7    God:
Gold:   60         SH:  3    Dex:  7    Spells: 3/3 levels left

rFire    . . .     SeeInvis .     - Unarmed
rCold    . . .     Gourm    .   d - +0 buckler
rNeg     . . .     Faith    .   a - +0 robe
rPois    .         Spirit   .   (no helmet)
rElec    .         Reflect  .   (no cloak)
rCorr    .         Harm     .   (no gloves)
MR       .....                  (no boots)
Stlth    ++........             (no amulet)
HPRegen  0.12/turn              (no ring)
MPRegen  0.09/turn              (no ring)

@: lethally poisoned (-3 -> -6)
A: unchanging attributes, fangs 1, strong nose
a: no special abilities


You were on level 2 of the Dungeon.
You were not hungry.

You visited 1 branch of the dungeon, and saw 2 of its levels.

You collected 60 gold pieces.

Inventory:

Armour
 a - a +0 robe (worn)
 d - a +0 buckler (worn)
Scrolls
 e - a scroll of remove curse {unknown}
 h - a scroll of identify {unknown}
 j - 2 scrolls of immolation {unknown}
Potions
 f - a potion of mutation {unknown}
 g - a potion of invisibility {unknown}
Comestibles
 b - a bread ration
 c - 3 fruits
 i - 5 chunks of flesh


   Skills:
 + Level 4.7 Fighting
 + Level 4.6 Dodging
 - Level 2.4 Stealth
 + Level 1.3 Shields
 * Level 5.6 Unarmed Combat


You had 3 spell levels left.
You didn't know any spells.

Dungeon Overview and Level Annotations

Branches:
Dungeon (2/15)

Altars:


Innate Abilities, Weirdness & Mutations

Your physical attributes are unchanging.
You have very sharp teeth.
Your uncanny sense of smell can sniff out nearby items.


Message History

The adder is almost dead.
You feel sick. The adder barely misses you.
You barely miss the adder. You bite the adder, but do no damage.
The adder is almost dead.
The adder barely misses you.
You closely miss the adder.
The adder is almost dead.
You feel sick. The adder barely misses you.
You take 1 damage, and have 11/38 hp.
You hit the adder.
You kill the adder!
The kobold throws a tomahawk.
The tomahawk hits you but does no damage.
The kobold throws a tomahawk.
The tomahawk misses you.
The kobold throws a tomahawk.
The tomahawk hits you.
* * * LOW HITPOINT WARNING * * *
You take 6 damage, and have 5/38 hp.
* * * LOW HITPOINT WARNING * * *
You feel sick. The kobold hits you with a falchion!
You die...

.# .# )# #.. .. #.. .#
#..### .# #..#.####.#
#.# #.(....(@K# #.#
##.....#### #.# ##...##
#.# #.# ##.##### #.#
#.# #.# #.. ... #.# #.#
#.# #.# #.# #.###.# #.#
##.###
#..##.###.#######...#.
##.#...............#...


You could see a kobold.

Vanquished Creatures
  3 adders (D:2)
  3 oozes
  3 dart slugs
  A leopard gecko (D:1)
  3 goblins
  6 hobgoblins
  3 jackals (D:1)
  6 kobolds
  A ball python (D:1)
  3 bats
  3 frilled lizards (D:1)
  6 rats
41 creatures vanquished.

Notes
Turn   | Place    | Note
-------+----------+-------------------------------------------
     0 | D:1      | namelastname112 the Gnoll Monk began the quest for the Orb.
     0 | D:1      | Reached XP level 1. HP: 19/19 MP: 1/1
   284 | D:1      | epen: сука
   356 | D:1      | epen: нахуй им такие апты
   356 | D:1      | epen: если статы всегда 7?
   356 | D:1      | namelastname112: вот именно поэтому
   526 | D:1      | Reached XP level 2. HP: 9/25 MP: 2/2
   728 | D:1      | Reached skill level 1 in Shields
   932 | D:1      | epen: бля
   955 | D:1      | epen: нахуй монахам предлагают давать вепон?
  1006 | D:1      | epen: я понимаю там палку или анарм
  1006 | D:1      | Reached XP level 3. HP: 6/31 MP: 3/3
  1021 | D:1      | epen: так нахуй ножи суют
  1054 | D:1      | epen: копья
  1056 | D:1      | epen: пиздец
  1097 | D:1      | namelastname112: бля
  1097 | D:1      | namelastname112: потому что
  1097 | D:1      | namelastname112: обычно монаха пикают ради пити
  1097 | D:1      | namelastname112: а не анарма
  1114 | D:1      | epen: но блять
  1134 | D:1      | epen: суть монаха пропадает
  1355 | D:1      | epen: типа вот тебе плата за пити
  1444 | D:1      | Reached skill level 5 in Unarmed Combat
  1568 | D:1      | epen: играй с анармом
  2011 | D:2      | HP: 1/31 [poisoned by an adder]
  2398 | D:2      | Reached XP level 4. HP: 13/38 MP: 4/4
  2729 | D:2      | Slain by a kobold

Vault maps used:
D:1:      nzn_arrival_depleted_hourglass, hex_intersection, st_stairs_1

Skill      XL: |  1  2  3 |
---------------+----------+-----
Shields        | 1 |  1.3
Unarmed Combat | 5 |  5.6
Fighting       | |  4.7
Dodging        | |  4.6
Stealth        | |  2.4

Action                   |  1- 3 |  4- 6 || total
-------------------------+-------+-------++-------
Melee: Unarmed           |   178 |    33 ||   211
       Bite              |     7 |     6 ||    13
 Stab: Sleeping          |     5 |       ||     5
  Eat: Chunk             |     3 |     2 ||     5
       Fruit             |       |     1 ||     1
Armor: Robe              |    25 |       ||    25
Dodge: Dodged            |    94 |    24 ||   118
Block: Buckler           |    23 |     2 ||    25

Table legend:
 A = Spawn XP
 B = Non-spawn XP
 C = Spawn XP percentage of total XP
 D = Spawn monster count
 E = Non-spawn monster count
 F = Spawn count percentage of total count
 G = Total turns spent on level
                    A         B        C        D         E        F      G
               +---------+---------+-------+---------+---------+-------+---------
         Total |      25 |      99 |  20.2 |      12 |      29 |  29.3 |  2729
               +---------+---------+-------+---------+---------+-------+---------
           D:1 |      21 |      41 |  33.9 |      10 |      20 |  33.3 |  2011
           D:2 |       4 |      58 |   6.5 |       2 |       9 |  18.2 |   718
               +---------+---------+-------+---------+---------+-------+---------
